 Dungeon Crawl Stone Soup version 0.22-b1-21-g5cfc168 (webtiles) character file.

3462 tyranidshit the Agent of Entropy (level 9, 0/108 HPs)
             Began as a Demonspawn Abyssal Knight on Aug 2, 2018.
             Was a Priest of Lugonu.
             Slain by a hippogriff (1 damage)
             ... on level 11 of the Dungeon.
             The game lasted 00:22:47 (8187 turns).

tyranidshit the Agent of Entropy (DsAK)             Turns: 8187, Time: 00:22:48

Health: 0/108      AC: 11    Str: 20    XL:     9   Next: 78%
Magic:  0/15       EV:  8    Int: 14    God:    Lugonu [***...]
Gold:   386        SH:  0    Dex: 13    Spells: 14/14 levels left

rFire    + + +     SeeInvis .   a - +2 hand axe
rCold    + . .     Gourm    .   (no shield)
rNeg     . . .     Faith    .   j - +1 chain mail
rPois    .         Spirit   +   (helmet restricted)
rElec    .         Reflect  .   x - scarf {rC+ rF+}
rCorr    .         Harm     .   (no gloves)
MR       .....                  (no boots)
Stlth    ..........             (no amulet)
HPRegen  0.28/turn              p - +1 ring of protection
MPRegen  0.28/turn              A - ring of protection from fire

@: berserking (expiring), very quick
A: antennae 2, fire resistance 1, magic shield, magic regeneration, flame cloud
immunity
a: Depart the Abyss, Bend Space, Banish, Renounce Religion


You were on level 11 of the Dungeon.
You worshipped Lugonu.
Lugonu was most pleased with you.
You were not hungry.

You visited 2 branches of the dungeon, and saw 12 of its levels.
You visited the Abyss 1 time.

You collected 386 gold pieces.

Inventory:

Hand Weapons
 a - a +2 hand axe (weapon)
 s - a +2 hand axe
 y - a +0 whip of flaming
Armour
 b - +0 steam dragon scales
 i - a +1 cloak
 j - a +1 chain mail (worn)
 x - a scarf of resistance (worn)
Magical Staves
 v - an uncursed staff of power
Jewellery
 p - a +1 ring of protection (left hand)
 q - an uncursed ring of positive energy
 w - an uncursed ring of resist corrosion
 A - a ring of protection from fire (right hand)
Wands
 f - a wand of iceblast (5)
 k - a wand of flame (51)
 n - a wand of polymorph (13)
Scrolls
 d - a scroll of remove curse
 e - 5 scrolls of identify
 g - 3 scrolls of enchant weapon
 h - a scroll of teleportation
 o - a scroll of blinking
 r - 2 scrolls of silence
 z - a scroll of amnesia
Comestibles
 c - 10 rations


   Skills:
 + Level 7.5 Fighting
 + Level 4.0 Axes
 - Level 5.2 Armour
 - Level 0.8 Dodging
 - Level 3.3 Spellcasting
 - Level 9.0 Invocations
 - Level 6.4 Evocations


You had 14 spell levels left.
You didn't know any spells.
Your spell library contained the following spells:

 Spells                   Type           Power        Failure   Level  Hunger
 Magic Dart               Conj           #...         89%         1    #......
 Iskenderun's Mystic Bla  Conj           #.......     100%        4    #####..
 Fulminant Prism          Conj/Hex       #.........   100%        4    #####..
 Dazzling Spray           Conj/Hex       #.....       99%         3    ###....
 Force Lance              Conj/Tloc      #.......     100%        4    #####..
 Searing Ray              Conj           #.....       96%         2    ##.....


Dungeon Overview and Level Annotations

Branches:
Dungeon (12/15)            Temple (1/1) D:7             Orc (0/2) D:12
   Lair: D:8-11

Altars:
Ashenzari
Cheibriados
Dithmenos
Elyvilon
Fedhas
Gozag
Hepliaklqana
Kikubaaqudgha
Makhleb
Nemelex Xobeh
Okawaru
Qazlal
Ru
Sif Muna
Trog
Uskayaw
Vehumet
Wu Jian
Xom
Yredelemnul
Zin
The Shining One

Shops:
D:7 ?


Innate Abilities, Weirdness & Mutations

You have a pair of antennae on your head.
Your flesh is heat resistant. (rF+)
When hurt, damage is shared between your health and your magic reserves.
You regenerate magic rapidly.
You are immune to clouds of flame.


Message History

The hippogriff claws you but does no damage.
Unknown command.
You slash the sky beast!
The sky beast is almost dead.
You hit the hippogriff. The sky beast hits you.
* * * LOW HITPOINT WARNING * * *
The sky beast shocks you.
* * * LOW HITPOINT WARNING * * *
The hippogriff barely misses you. The hippogriff pecks you.
* * * LOW HITPOINT WARNING * * *
The hippogriff claws you but does no damage.
You slash the sky beast!
You kill the sky beast!
Lugonu accepts your kill.
Your Axes skill increases to level 4!
You hit the hippogriff. The hippogriff bites you.
* * * LOW HITPOINT WARNING * * *
The hippogriff pecks you but does no damage.
The hippogriff claws you.
You die...

###.)##.... ...
#.#......# ..#
#.#.#ol### ..#
#......### ###..?
'........ ......
####...# .......
#..# .........#
##.###............
#.@H...# .......
#.#{v§§≈§≈≈≈§#...##
#.#..§§≈§≈≈≈≈§....#
..#.#≈§§§.#.§≈≈#..#
####..≈≈.$#($.≈≈≈..#
.. ≈..###..≈≈..D ..≈
≈)$ #$.≈≈... ..#
≈§.#..≈≈≈#..
≈≈{§§....


You could see a hippogriff, an insubstantial wisp, an iguana (wandering) and an
orc.

Vanquished Creatures
  Pikel (D:8)
  A centaur skeleton (D:11)
  Grinder (D:5)
  A shadow (D:11)
  A steam dragon (D:8)
  2 sky beasts
  2 ogres
  2 phantoms (D:4)
  2 centaurs
  A crocodile (D:7)
  A big kobold (D:8)
  A gnoll sergeant (D:9)
  3 scorpions
  A water moccasin skeleton (D:6)
  3 wights (D:8)
  2 howler monkeys
  A crimson imp (D:8)
  A quasit (D:6)
  2 orc priests
  A jelly (D:7)
  3 orc wizards
  2 hounds
  A bullfrog skeleton (D:5)
  2 iguanas
  2 worker ants
  A worker ant zombie (D:9)
  7 gnolls
  11 adders
  2 shadow imps
  3 adder skeletons
  3 leopard geckos
  25 orcs
  7 bats
  5 giant cockroaches
  6 goblins
  3 hobgoblins
  7 jackals
  3 quokkas
  A ball python (D:3)
  7 frilled lizards
  A giant cockroach zombie (D:5)
  5 kobolds
  A leopard gecko zombie (D:5)
  A rat (D:3)
139 creatures vanquished.

Vanquished Creatures (others)
  An ugly thing (D:11)
  An orc warrior (D:7)
  An ice beast (D:7)
  An ogre (D:12)
  A centaur (D:8)
5 creatures vanquished.

Grand Total: 144 creatures vanquished

Notes
Turn   | Place    | Note
-------+----------+-------------------------------------------
     0 | Abyss:1  | tyranidshit the Demonspawn Abyssal Knight began the quest for the Orb.
     0 | Abyss:1  | Reached XP level 1. HP: 18/18 MP: 2/2
    33 | Abyss:1  | Noticed a ynoxinul
    34 | D:1      | Escaped the Abyss
   194 | D:1      | Reached * piety under Lugonu
   387 | D:1      | Gained mutation: You have a pair of small antennae on your head. [demonic ancestry]
   387 | D:1      | Reached XP level 2. HP: 24/24 MP: 3/3
   975 | D:2      | Gained mutation: When hurt, damage is shared between your health and your magic reserves. [demonic ancestry]
   975 | D:2      | Reached XP level 3. HP: 13/30 MP: 4/4
  1449 | D:2      | Reached skill level 5 in Fighting
  1449 | D:2      | Gained mutation: You have a pair of antennae on your head. [demonic ancestry]
  1449 | D:2      | Reached XP level 4. HP: 34/39 MP: 3/5
  1913 | D:3      | Reached ** piety under Lugonu
  1913 | D:3      | Reached XP level 5. HP: 27/46 MP: 4/6
  2383 | D:4      | Noticed an ogre
  2389 | D:4      | Killed an ogre
  2389 | D:4      | Gained mutation: You regenerate magic rapidly. [demonic ancestry]
  2389 | D:4      | Reached XP level 6. HP: 24/52 MP: 3/7
  2869 | D:4      | Noticed Edmund
  3222 | D:5      | Entered Level 5 of the Dungeon
  3252 | D:5      | Gained mutation: Your flesh is heat resistant. (rF+) [demonic ancestry]
  3252 | D:5      | Reached XP level 7. HP: 50/58 MP: 11/11
  3293 | D:5      | Found a glowing silver altar of Zin.
  3669 | D:5      | Noticed Grinder
  3689 | D:5      | Killed Grinder
  4515 | D:6      | Reached skill level 5 in Armour
  4902 | D:6      | Reached skill level 3 in Invocations
  4902 | D:6      | Reached skill level 1 in Evocations
  4977 | D:6      | Reached XP level 8. HP: 32/64 MP: 12/12
  5069 | D:6      | Reached skill level 4 in Invocations
  5591 | D:7      | Found Noazommo's Magic Scroll Boutique.
  5645 | D:7      | Reached *** piety under Lugonu
  5671 | D:7      | Found a staircase to the Ecumenical Temple.
  5854 | D:7      | Reached skill level 5 in Invocations
  5892 | D:7      | Found an ornate altar of the Wu Jian Council.
  5892 | D:7      | Found a shadowy altar of Dithmenos.
  5893 | D:7      | Found a radiant altar of Vehumet.
  5923 | D:7      | Found a hazy altar of Hepliaklqana.
  5932 | D:7      | Found a deep blue altar of Sif Muna.
  5934 | D:7      | Found an ancient bone altar of Kikubaaqudgha.
  6225 | D:7      | Reached skill level 6 in Invocations
  6420 | Temple   | Entered the Ecumenical Temple
  6656 | D:8      | Found a sacrificial altar of Ru.
  6956 | D:8      | Reached skill level 7 in Invocations
  6956 | D:8      | Reached skill level 5 in Evocations
  7116 | D:8      | Found an opulent altar of Gozag.
  7152 | D:8      | Noticed Pikel
  7157 | D:8      | Killed Pikel
  7157 | D:8      | Reached skill level 8 in Invocations
  7157 | D:8      | Gained mutation: You are immune to clouds of flame. [demonic ancestry]
  7157 | D:8      | Reached XP level 9. HP: 69/69 MP: 15/15
  7821 | D:9      | Reached skill level 9 in Invocations
  8065 | D:9      | You fall through a shaft for 3 floors!
  8117 | D:11     | Noticed a purple ugly thing
  8131 | D:11     | Banished a purple ugly thing
  8186 | D:11     | HP: 3/108 [hippogriff (4)]
  8187 | D:11     | HP: 1/108 [hippogriff (2)]
  8187 | D:11     | Slain by a hippogriff

Skill      XL: |  1  2  3  4  5  6  7  8  9 |
---------------+----------------------------+-----
Fighting       | 4 5 6 7 |  7.5
Armour         | 3 5 |  5.2
Spellcasting   | 3 |  3.3
Invocations    | 3 8 9 |  9.0
Evocations     | 1 6 |  6.4
Axes           | 4 |  4.0
Dodging        | |  0.8

Action                   |  1- 3 |  4- 6 |  7- 9 || total
-------------------------+-------+-------+-------++-------
Melee: Hand axe          |    95 |   201 |   451 ||   747
Invok: Depart the Abyss  |     1 |       |       ||     1
       Banish            |       |       |     4 ||     4
       Bend Space        |       |       |     2 ||     2
Evoke: Wand              |       |    19 |    24 ||    43
  Use: Potion            |     2 |     5 |     8 ||    15
       Scroll            |     7 |     3 |    11 ||    21
 Stab: Sleeping          |     1 |       |       ||     1
       Invisible         |       |     2 |       ||     2
       Distracted        |       |       |     1 ||     1
  Eat: Ration            |     1 |     2 |     5 ||     8
Armor: Ring mail         |    22 |       |       ||    22
       Leather armour    |     1 |       |       ||     1
       Chain mail        |    45 |   153 |   313 ||   511
       Steam dragon scal |       |       |    49 ||    49
Dodge: Dodged            |    47 |    61 |   214 ||   322
